 Dungeon Crawl Stone Soup version 0.29.1-13-g9f3cf754e1 (webtiles) character file.

Game seed: 10309319871874183964

86 cordialsnail the Chiller (level 4, -2/30 HPs)
             Began as a Human Ice Elementalist on Jan 31, 2023.
             Was an Initiate of Vehumet.
             Splashed by a jelly's acid (12 damage)
             ... on level 4 of the Dungeon.
             The game lasted 00:27:15 (3886 turns).

cordialsnail the Chiller (Human Ice Elementalist)   Turns: 3886, Time: 00:27:16

Health: -2/30      AC:  2    Str:  8    XL:     4   Next: 77%
Magic:  0/8        EV: 12    Int: 17    God:    Vehumet [......]
Gold:   129        SH:  0    Dex: 14    Spells: 5/9 levels left

rFire   + . .      SeeInvis .   j - +1 dagger (venom)
rCold   + . .      Faith    .   t - orb {*channel}
rNeg    . . .      Spirit   .   a - +0 robe
rPois   .          Reflect  .   (no helmet)
rElec   .          Harm     .   v - scarf {rC+ rF+}
rCorr   .          Rampage  .   (no gloves)
Will    +....                   (no boots)
Stlth   ++........              (no amulet)
HPRegen 0.10/turn               f - +4 ring of protection
MPRegen 0.11/turn               g - ring of willpower

@: corroded
A: no striking features
a: Renounce Religion


You were on level 4 of the Dungeon.
You worshipped Vehumet.
Vehumet was noncommittal.
You visited 1 branch of the dungeon, and saw 4 of its levels.

You collected 129 gold pieces.

Inventory:

Hand Weapons
 j - a +1 dagger of venom (weapon)
Missiles
 k - 12 boomerangs
Armour
 a - a +0 robe (worn)
 t - an orb of energy (worn)
 v - a scarf of resistance (worn)
Jewellery
 d - a ring of positive energy
 f - a +4 ring of protection (left hand)
 g - a ring of willpower (right hand)
 s - a ring of fire
Scrolls
 c - 3 scrolls of teleportation {unknown}
 h - a scroll of fear {unknown}
 i - a scroll of noise {unknown}
 m - a scroll of poison {unknown}
 n - 2 scrolls of identify {unknown}
 o - a scroll of amnesia {unknown}
 p - a scroll of vulnerability {unknown}
 r - a scroll of magic mapping {unknown}
Potions
 b - a potion of magic
 e - 2 potions of curing {unknown}
 l - a potion of berserk rage {unknown}
 q - a potion of mutation {unknown}
 u - a potion of heal wounds {unknown}
 w - a potion of haste {unknown}


   Skills:
 - Level 0.1 Short Blades
 + Level 2.1 Dodging
 + Level 2.2 Stealth
 * Level 3.0 Spellcasting
 * Level 5.0 Ice Magic


You had 5 spell levels left.
You knew the following spells:

 Your Spells              Type           Power      Damage    Failure   Level
a - Freeze                Ice            76%        1d9       2%          1
b - Summon Guardian Gole  Hex/Summ       2%         N/A       45%         3

Your spell library contained the following spells:

 Spells                   Type           Power      Damage    Failure   Level
 Frozen Ramparts          Ice            38%        1d6       7%          3
 Ozocubu's Armour         Ice            19%        N/A       7%          3
 Conjure Flame            Conj/Fire      2%         6-21      45%         3
 Ignite Poison            Fire/Tmut/Pois 2%         N/A       45%         3
 Hailstorm                Conj/Ice       11%        3d5       52%         4
 Sticky Flame             Conj/Fire      2%         2d3       86%         4
 Orb of Destruction       Conj           1%         9d5       100%        7
 Spellforged Servitor     Conj/Summ      1%         N/A       100%        7


Dungeon Overview and Level Annotations

Branches:
Dungeon (4/15)
 Temple: D:4-7

Altars:
Fedhas
Vehumet

Shops:
D:2 *


Message History

Aim: an adder (moderately wounded, slow)
You freeze the adder.
The adder is severely wounded.
The adder seems to slow down.
The adder closely misses you.
Aiming: Freeze (safe; 2% risk of failure)
Press: ? - help, Q - select action, (/) - cycle Shift-Dir - straight line, f/p - adder
Aim: an adder (severely wounded, slow)
You freeze the adder.
You kill the adder!
Vehumet accepts your kill.
Your Spellcasting skill increases to level 3!
Aiming: Freeze (safe; 2% risk of failure)
Press: ? - help, Q - select action, (/) - cycle Shift-Dir - straight line, f - jelly
Aim: a jelly You freeze the jelly!
The jelly is heavily wounded.
The jelly misses you.
You don't have enough magic to cast this spell.
You don't have enough magic to cast this spell.
You hit the jelly but do no damage.
Your hands burn!
The jelly is heavily wounded.
The jelly completely misses you. The jelly attacks as you move away!
The jelly hits you. The acid corrodes you!
You are splashed with acid.
Aiming: Freeze (safe; 2% risk of failure)
Press: ? - help, Q - select action, (/) - cycle Shift-Dir - straight line, f/p - jelly
Aim: a jelly (heavily wounded)
You freeze the jelly!
The jelly is almost dead.
The jelly hits you but does no damage. The jelly attacks as you move away!
The jelly hits you but does no damage. The jelly attacks as you move away!
The jelly hits you.
You are splashed with acid!
The jelly attacks as you move away! The jelly barely misses you.
You don't have enough magic to cast this spell.
You don't have enough magic to cast this spell.
The jelly attacks as you move away! The jelly hits you.
You are splashed with acid!
You die...

#.# .?. . #.###
... ....
....######.# ####+
.......##..#......
#.....)......
#J#####...... #@#
..... ########.#
.... #......#.#
... #........# ..
#......##### .
###...†......#
#..†.........#
#.######.....#
#######...#
#######


You could see a jelly.

Vanquished Creatures
  An adder (D:4)
  A worm (D:2)
  A dart slug (D:1)
  2 orcs
  3 ball pythons
  4 bats
  7 endoplasms
  3 giant cockroaches
  13 goblins
  3 hobgoblins
  3 jackals (D:4)
  9 kobolds
  6 frilled lizards
  6 rats
62 creatures vanquished.

Notes
Turn   | Place    | Note
-------+----------+-------------------------------------------
     0 | D:1      | cordialsnail the Human Ice Elementalist began the quest for
                  | the Orb.
     0 | D:1      | Reached XP level 1. HP: 13/13 MP: 3/3
   409 | D:1      | Reached XP level 2. HP: 16/19 MP: 1/5
   864 | D:1      | Reached XP level 3. HP: 14/24 MP: 2/6
  1278 | D:1      | Found a faded altar of an unknown god.
  1588 | D:2      | Found Muilotum's Assorted Antiques.
  2566 | D:3      | Found Urriufid's Jewellery Boutique.
  2630 | D:3      | Reached XP level 4. HP: 30/30 MP: 5/7
  2788 | D:3      | Found a radiant altar of Vehumet.
  3651 | D:3      | Became a worshipper of Vehumet
  3656 | D:3      | Learned a level 3 spell: Summon Guardian Golem
  3752 | D:4      | Found a blossoming altar of Fedhas.
  3820 | D:4      | Reached skill level 5 in Ice Magic
  3886 | D:4      | Splashed by a jelly's acid

Illustrated notes

Levels and vault maps discovered:
D:1:      spicycebolla_arrival_clurvy, layout_basic,
          chequers_ecumenical_altar_grove
D:2:      layout_basic, serial_shops, nicolae_shop_window_shopping
D:3:      layout_basic, mainiacjoe_overflow_small_starburst, serial_shops,
          nicolae_shop_hallway_plus
D:4:      layout_basic, mainiacjoe_overflow_alcove_2,
          nicolae_ru_sacrificial_ziggurat, minmay_temple_entry_sparse_star,
          minmay_misc_feat_tower, minivault_4, uniq_sigmund

Skill      XL: |  1  2  3  4 |
---------------+-------------+-----
Ice Magic      | 5 |  5.0
Spellcasting   | 3 |  3.0
Short Blades   | |  0.1
Dodging        | |  2.1
Stealth        | |  2.2

Action                   |  1- 3 |  4- 6 || total
-------------------------+-------+-------++-------
Melee: Mace              |    16 |       ||    16
       Dagger            |     1 |    11 ||    12
 Cast: Freeze            |    53 |    30 ||    83
 Stab: Sleeping          |     3 |     2 ||     5
Armor: Robe              |    12 |    11 ||    23
Dodge: Dodged            |    33 |    19 ||    52
